 Dungeon Crawl Stone Soup version 0.25-a0-860-gf695395 (webtiles) character file.

Game seed: 1832616951596473027, levelgen mode: deterministic

12 Gunnerkreig the Magician (level 2, 0/18 HPs)
             Began as an Octopode Wizard on Apr 27, 2020.
             Slain by a giant cockroach (1 damage)
             ... on level 1 of the Dungeon.
             The game lasted 00:01:27 (420 turns).

Gunnerkreig the Magician (Octopode Wizard)           Turns: 420, Time: 00:01:28

Health: 0/18       AC:  1    Str:  6    XL:     2   Next: 33%
Magic:  0/6        EV: 13    Int: 20    God:
Gold:   9          SH:  0    Dex: 10    Spells: 6/7 levels left

rFire    . . .     SeeInvis .   (no weapon)
rCold    . . .     Gourm    .   (no shield)
rNeg     . . .     Faith    .   a - +0 hat
rPois    .         Spirit   .   (no amulet)
rElec    .         Reflect  .   (no ring)
rCorr    .         Harm     .   (no ring)
MR       .....                  (no ring)
Stlth    +++.......             (no ring)
HPRegen  0.06/turn              (no ring)
MPRegen  0.10/turn              (no ring)
                                (no ring)
                                (no ring)

@: no status effects
A: almost no armour, stealthy swim, amphibious, 8 rings, constrict 8, camouflage
1, gelatinous body 1
a: no special abilities


You were on level 1 of the Dungeon.
You were not hungry.

You visited 1 branch of the dungeon, and saw 1 of its levels.

You collected 9 gold pieces.

Inventory:

Missiles
 e - 20 sling bullets
Armour
 a - a +0 hat (worn)
Scrolls
 b - a scroll of identify {unknown}
Potions
 d - 2 potions of lignification {unknown}
Comestibles
 c - a ration
 g - 3 chunks of flesh


   Skills:
 + Level 0.6 Fighting
 - Level 2.0 Dodging
 + Level 3.1 Stealth
 + Level 3.1 Spellcasting
 + Level 1.3 Conjurations
   Level 1.0 Summonings
   Level 1.0 Translocations


You had 6 spell levels left.
You knew the following spells:

 Your Spells              Type           Power        Failure   Level  Hunger
a - Magic Dart            Conj           #...         8%          1    None

Your spell library contained the following spells:

 Spells                   Type           Power        Failure   Level  Hunger
 Blink                    Tloc           N/A          14%         2    ##.....
 Call Imp                 Summ           #.......     14%         2    ##.....
 Slow                     Hex            #.......     22%         2    ##.....
 Conjure Flame            Conj/Fire      #.......     32%         3    ###....
 Mephitic Cloud           Conj/Pois/Air  #.......     34%         3    ###....


Dungeon Overview and Level Annotations

Branches:
Dungeon (1/15)

Altars:


Innate Abilities, Weirdness & Mutations

You cannot wear most types of armour.
You are very stealthy in the water. (Stealth+)
You are amphibious.
You can wear up to eight rings at the same time.
You can use your tentacles to constrict eight enemies at once.
Your skin changes colour to match your surroundings (Stealth+).
Your rubbery body absorbs attacks. (AC +1, EV +1)


Message History

You constrict the bat, but do no damage.
The bat hits you.
The bat escapes!
The giant cockroach bites you but does no damage.
The goblin closely misses you.
Casting: Magic Dart (safe; 9% risk of failure)
Confirm with . or Enter, or press ? or * to list all spells.
Aiming: Magic Dart (safe; 9% risk of failure)
Press: ? - help, Shift-Dir - straight line, f/p - bat
Aim: a bat (severely wounded)
The magic dart hits the bat.
You kill the bat!
You constrict the giant cockroach, but do no damage.
The giant cockroach bites you. The goblin hits you with a +0 dagger.
* * * LOW HITPOINT WARNING * * *
You tentacle-slap the giant cockroach.
The giant cockroach is severely wounded.
You constrict the giant cockroach.
The giant cockroach waves its antennae.
The giant cockroach bites you.
You die...

#......≈≈≈≈≈.≈≈ #####.
#......(..... ......##
#..........# #.###...
#.....†.†# #.......
.#........## #...##..
.P.........# #.....#..
.≈..(.(....# #.........
.≈♣....gs..# .......... ≈
♣.....@..## #.........
.≈..........## #......#..
≈≈...........# ##....>#..
≈≈P..........###.........
≈...#####..†.)...........
≈P.# #..............#. .#
###P≈PP....≈≈≈.#.
#≈≈≈≈≈P.≈≈P≈.#.
#≈≈≈P≈≈≈≈P≈P.#.


You could see a giant cockroach and a goblin.

Vanquished Creatures
  A dart slug (D:1)
  A giant cockroach (D:1)
  2 hobgoblins (D:1)
  A kobold (D:1)
  2 bats (D:1)
  A goblin (D:1)
  2 rats (D:1)
10 creatures vanquished.

Notes
Turn   | Place    | Note
-------+----------+-------------------------------------------
     0 | D:1      | Gunnerkreig the Octopode Wizard began the quest for the
                  | Orb.
     0 | D:1      | Reached XP level 1. HP: 11/11 MP: 4/4
   260 | D:1      | Reached XP level 2. HP: 10/18 MP: 1/6
   420 | D:1      | Slain by a giant cockroach

Levels and vault maps discovered:
D:1:      mainiacjoe_arrival_reflecting_pool, layout_rooms, serial_bayou,
          serial_bayou_pond_b, serial_bayou_pond_d, serial_bayou_pond_b,
          serial_bayou_shore_a

Skill      XL: |  1 |
---------------+----+-----
Stealth        | 3 |  3.1
Fighting       | |  0.6
Dodging        | |  2.0
Spellcasting   | |  3.1
Conjurations   | |  1.3
Summonings     | |  1.0
Translocations | |  1.0

Action                   || total
-------------------------++-------
Melee: Unarmed           ||    17
       Constrict         ||     6
       Tentacles         ||     2
Throw: Stone             ||     4
 Cast: Magic Dart        ||    23
Armor: Skin              ||     5
Dodge: Dodged            ||    17

Table legend:
 A = Non-vault XP
 B = Vault XP
 C = Vault XP percentage of total XP
 D = Non-vault monster count
 E = Vault monster count
 F = Vault count percentage of total count
                 A         B        C        D         E       F
            +---------+---------+-------+---------+---------+-------
      Total |       7 |      11 |  61.1 |       4 |       6 |  60.0
            +---------+---------+-------+---------+---------+-------
        D:1 |       7 |      11 |  61.1 |       4 |       6 |  60.0
            +---------+---------+-------+---------+---------+-------
